 Dungeon Crawl Stone Soup version 0.13.0-11-g0187522 (webtiles) character file.

11137 JacquesDerrida the Frost Mage (level 11, -12/58 HPs)
             Began as a Kobold Ice Elementalist on Oct 18, 2013.
             Was a High Priest of Sif Muna.
             Killed from afar by a fire drake (21 damage)
             ... with a blast of flame
             ... on Level 12 of the Dungeon.
             The game lasted 00:56:41 (10086 turns).

JacquesDerrida the Frost Mage (KoIE)               Turns: 10086, Time: 00:56:41

HP -12/58        AC 13     Str 13      XL: 11   Next: 99%
MP   4/20        EV 17     Int 17      God: Sif Muna [*****.]
Gold 341         SH  0     Dex 15      Spells:  4 memorised,  9 levels left

Res.Fire  : . . .   See Invis. : .   g - +3,+1 short sword (protect)
Res.Cold  : . . .   Warding    : .   n - +2 orc robe {MR+}
Life Prot.: . . .   Conserve   : +   (no shield)
Res.Poison: .       Res.Corr.  : .   r - +2 elf cap {Int+3}
Res.Elec. : .       Clarity    : .   h - +0 cloak
Sust.Abil.: . .     Spirit.Shd : .   d - +0 pair of gauntlets
Res.Mut.  : .       Stasis     : .   (no boots)
Res.Rott. : .       Flight     : .   v - amulet of conservation
Saprovore : + + .                    a - +2 ring of strength
                                     (no ring)

@: studying Slings, slowed, very slow, quite resistant to hostile enchantments,
stealthy
A: disease resistance, blink 1, carnivore 3, -10% mp, saprovore 2, slow
metabolism 1, spit poison 1
a: Spit Poison, Blink, Channel Energy, Forget Spell, Renounce Religion


You were on level 12 of the Dungeon.
You worshipped Sif Muna.
Sif Muna was extremely pleased with you.
You were not hungry.

You visited 1 branch of the dungeon, and saw 12 of its levels.
You also visited: Labyrinth.

You collected 482 gold pieces.
You spent 161 gold pieces at shops.

Inventory:

Hand weapons
 e - a +0,+0 dagger (quivered)
 g - a +3,+1 short sword of protection (weapon)
 m - the +3,+6 quarterstaff "Arangor" {venom, Dex+4}
   (You found it in a labyrinth)

   It poisons the flesh of those it strikes.
   It affects your dexterity (+4).
 o - a cursed -2,-1 orcish morningstar
 q - a +1,+1 whip of draining
Armour
 d - a +0 pair of gauntlets (worn)
 h - a +0 cloak (worn)
 n - a +2 orcish robe of magic resistance (worn)
 r - a +2 elven cap of intelligence (worn)
 t - a +2 robe of the Archmagi
 J - the +3 buckler of Joy {Str+2 Dex+4}
   (You found it in a labyrinth)

   It affects your strength (+2).
   It affects your dexterity (+4).
 K - the -2 robe "Psiqak" {Dex+5}
   (You found it in a labyrinth)

   It affects your dexterity (+5).
Magical devices
 i - a wand of teleportation (2)
 E - a wand of fire (3)
 H - a wand of polymorph (12)
 M - a wand of disintegration (16)
Comestibles
 c - 5 meat rations
Scrolls
 k - 4 scrolls of remove curse
 l - 2 scrolls of fog
 w - 2 scrolls of identify
 A - a scroll of enchant weapon II
Jewellery
 a - a +2 ring of strength (right hand)
 p - an uncursed ring of ice
 v - an amulet of conservation (around neck)
 y - an uncursed ring of sustain abilities
Potions
 s - a potion of restore abilities
 I - a potion of berserk rage
Books
 b - a book of Frost

   Spells                             Type                      Level
   *Freeze                            Ice                          1
   Throw Frost                        Conjuration/Ice              2
   *Ozocubu's Armour                  Charms/Ice                   3
   *Throw Icicle                      Conjuration/Ice              4
   Summon Ice Beast                   Ice/Summoning                4
   *Condensation Shield               Ice                          4
 C - a book of the Dragon

   Spells                             Type                      Level
   Flight                             Charms/Air                   3
   Cause Fear                         Hexes                        4
   Bolt of Fire                       Conjuration/Fire             6
   Dragon Form                        Transmutation                7
   Summon Dragon                      Summoning                    9
 O - a manual of Slings


   Skills:
 - Level 4.0 Fighting
 - Level 5.3 Dodging
 - Level 2.6 Stealth
 - Level 5.6 Spellcasting
 - Level 10.0 Conjurations
 + Level 11.0 Ice Magic
 - Level 6.0 Invocations


You had 9 spell levels left.
You knew the following spells:

 Your Spells              Type           Power        Failure   Level  Hunger
a - Freeze                Ice            ####         1%          1    None
b - Ozocubu's Armour      Chrm/Ice       ###.......   6%          3    ###....
c - Condensation Shield   Ice            #####.....   1%          4    ####...
d - Throw Icicle          Conj/Ice       #####...     1%          4    ####...


Dungeon Overview and Level Annotations

Branches:
Dungeon (12/27)            Temple (0/1) D:7             Orc (0/4) D:6
   Lair (0/8) D:12

Altars:
Nemelex Xobeh
Sif Muna
Zin

Shops:
D:4 (   D:5 [   D:8 (

Annotations:
D:11 inmateoo's ghost, powerful GrMo
D:12 Erica


Innate Abilities, Weirdness & Mutations

You recuperate from illness quickly.
You are small and have problems with some larger weapons.
You are carnivorous and can eat meat at any time.
You can eat rotten meat.
You can translocate small distances at will.
Your magical capacity is low (-10% MP).
You have a slow metabolism.
You can spit poison.


Message History

The blast of flame misses you.
Drink which item? (? for menu, Esc to quit)
Okay, then.
Read which item? (? for menu, Esc to quit)
As you read the scroll of fear, it crumbles to dust.
You assume a fearsome visage.
The fire drake looks frightened!
Erica resists with some effort.
Erica closely misses you. Erica barely misses you.
Read which item? (? for menu, Esc to quit)
Okay, then.
Read which item? (? for menu, Esc to quit)
As you read the scroll of summoning, it crumbles to dust.
Wisps of shadow whirl around you...
The fire drake turns to fight!
The fire drake breathes fire at you. The blast of flame hits you!
Your icy armour melts away.
* * * LOW HITPOINT WARNING * * *
The fire drake breathes fire at you. The blast of flame hits you!
You die...

######### ###
#.......###### #.)
#.......##...# ###.#
#..5.H..##...#####....
+...O@...+....%..(....
#..!.[@.##...#####...#
#.......##{.## .....
##.#.!....{..# ...#..
#....≈≈.§...# .......
#.#?.l≈≈≈≈..##...####
#.#.≈≈§.≈≈..# ... #
#.≈≈.>.≈..# .
#.≈§§..≈≈.#


You could see Erica, a fire drake, a friendly hippogriff, a friendly two-headed
ogre and a friendly crimson imp.

Vanquished Creatures
  A minotaur (Lab)
  The ghost of obsidien the Hoplite, an experienced DDFi of Trog (D:9)
  The ghost of 4tharraofdagon the Cleaver, an experienced MiBe of Trog (D:11)
  Erolcha (D:8)
  Pikel (D:6)
  2 hill giants (D:10)
  Maurice (D:8)
  A two-headed ogre (D:9)
  A komodo dragon (D:11)
  A troll (D:9)
  Prince Ribbit (D:8)
  A wyvern (D:9)
  A shadow (D:11)
  5 yaks (D:9)
  A hill giant skeleton (D:11)
  A necrophage (D:7)
  3 sky beasts
  3 ogres
  A yellow wasp (D:9)
  The ghost of ark the Digger, an average TrEE (D:4)
  4 orc warriors
  An ice beast (D:11)
  A slave (D:6)
  A centaur (D:8)
  Duvessa (D:5)
  5 giant frogs
  A water moccasin (D:11)
  Blork the orc (D:6)
  A gnoll sergeant (D:6)
  A troll zombie (D:8)
  4 wights (D:10)
  16 killer bees
  A quasit (D:5)
  A goliath beetle (D:8)
  Dowan (D:5)
  A gnoll shaman (D:6)
  2 jellies (D:11)
  7 crimson imps
  3 hounds
  2 iguanas
  A scorpion (D:5)
  3 orc priests
  6 orc wizards
  10 worker ants
  Ijyb (D:6)
  10 gnolls
  A worm zombie (D:5)
  11 adders
  A giant mite (D:7)
  3 worms
  2 giant eyeballs
  7 giant geckos
  49 orcs
  A ball python (D:2)
  9 bats
  A bat skeleton (D:4)
  5 giant cockroaches
  5 goblins
  17 hobgoblins
  8 jackals
  6 quokkas
  2 giant newts
  A giant spore (D:10)
  A hobgoblin skeleton (D:4)
  8 kobolds
  A quokka skeleton (D:4)
  11 rats
  A rat skeleton (D:7)
  A ballistomycete (D:10)
267 creatures vanquished.

Vanquished Creatures (others)
  A worm (D:6)
  A hobgoblin (D:6)
  2 rats (D:6)
4 creatures vanquished.

Grand Total: 271 creatures vanquished

Notes
Turn   | Place    | Note
--------------------------------------------------------------
     0 | D:1      | JacquesDerrida, the Kobold Ice Elementalist, began the quest for the Orb.
     0 | D:1      | Reached XP level 1. HP: 10/10 MP: 3/3
   410 | D:1      | Reached XP level 2. HP: 15/15 MP: 2/4
   648 | D:2      | Reached XP level 3. HP: 15/19 MP: 0/6
   832 | D:2      | Reached skill level 4 in Ice Magic
  1135 | D:2      | Reached XP level 4. HP: 24/24 MP: 4/7
  1183 | D:2      | Learned a level 3 spell: Ozocubu's Armour
  1877 | D:3      | Reached XP level 5. HP: 24/28 MP: 3/9
  1924 | D:2      | Reached skill level 5 in Ice Magic
  2135 | D:4      | Noticed ark's ghost (average TrEE)
  2218 | D:4      | Killed ark's ghost
  2218 | D:4      | Reached skill level 6 in Ice Magic
  2218 | D:4      | Reached XP level 6. HP: 6/32 MP: 2/11
  2806 | D:4      | Found Daneadam's Antique Weapon Shop.
  3187 | D:5      | Entered Level 5 of the Dungeon
  3212 | D:5      | Reached skill level 7 in Ice Magic
  3212 | D:5      | Reached XP level 7. HP: 36/36 MP: 5/12
  3455 | D:5      | Noticed a sky beast
  3467 | D:5      | Killed a sky beast
  3467 | D:5      | Reached skill level 8 in Ice Magic
  3591 | D:5      | Found a deep blue altar of Sif Muna.
  3594 | D:5      | Became a worshipper of Sif Muna the Loreminder
  3732 | D:5      | Found Thrutuiz's Armour Emporium.
  3921 | D:5      | Paralysed by a giant eyeball for 2 turns
  4001 | D:5      | Noticed Duvessa
  4013 | D:5      | Killed Duvessa
  4013 | D:5      | Reached XP level 8. HP: 35/41 MP: 4/14
  4054 | D:5      | Bought a +0 elven cap of intelligence for 161 gold pieces
  4146 | D:5      | Noticed Dowan
  4157 | D:5      | Killed Dowan
  4346 | D:6      | Noticed Pikel
  4419 | D:6      | Killed Pikel
  4419 | D:6      | Acquired Sif Muna's first power
  4419 | D:6      | Reached skill level 5 in Spellcasting
  4586 | D:6      | Reached XP level 9. HP: 45/45 MP: 15/21
  4674 | D:6      | Reached skill level 5 in Dodging
  4687 | D:6      | Noticed Blork the orc
  4705 | D:6      | Learned a level 4 spell: Condensation Shield
  4779 | D:6      | Killed Blork the orc
  4815 | D:6      | Found a staircase to the Orcish Mines.
  4821 | D:6      | Noticed Ijyb
  4839 | D:6      | Gained mutation: You have a slow metabolism. [potion of mutation]
  4839 | D:6      | Gained mutation: You can translocate small distances at will. [potion of mutation]
  4839 | D:6      | Gained mutation: Your magical capacity is low (-10% MP). [potion of mutation]
  4890 | D:6      | Killed Ijyb
  4918 | D:6      | Learned a level 4 spell: Throw Icicle
  4967 | D:6      | Reached skill level 1 in Invocations
  4983 | D:6      | Reached skill level 9 in Ice Magic
  5258 | D:6      | Reached skill level 1 in Conjurations
  5627 | D:7      | Found a glowing silver altar of Zin.
  5668 | D:7      | Found a staircase to the Ecumenical Temple.
  5857 | D:7      | Acquired Sif Muna's second power
  5883 | D:7      | Paralysed by a giant eyeball for 4 turns
  6236 | D:8      | Noticed Prince Ribbit
  6249 | D:8      | Killed Prince Ribbit
  6249 | D:8      | Reached XP level 10. HP: 50/54 MP: 6/19
  6287 | D:8      | Gained mutation: You can spit poison. [potion of beneficial mutation]
  6302 | D:8      | Noticed Maurice
  6324 | D:8      | Reached skill level 5 in Invocations
  6351 | D:8      | Killed Maurice
  6551 | D:8      | Reached skill level 5 in Conjurations
  6606 | D:8      | Found Ufomom's Weapon Shop.
  6731 | D:8      | Noticed Erolcha
  6771 | D:8      | Killed Erolcha
  7130 | D:9      | Noticed obsidien's ghost (experienced DDFi)
  7600 | D:9      | Killed obsidien's ghost
  7600 | D:9      | Acquired Sif Muna's third power
  7600 | D:9      | Reached XP level 11. HP: 41/58 MP: 4/20
  7808 | D:10     | Entered Level 10 of the Dungeon
  7837 | D:10     | Noticed a hill giant
  8082 | D:10     | Killed a hill giant
  8303 | D:9      | Reached skill level 10 in Conjurations
  8397 | D:10     | Noticed a hill giant
  8407 | D:10     | Killed a hill giant
  8801 | D:11     | Noticed 4tharraofdagon's ghost (experienced MiBe)
  8832 | D:11     | Killed 4tharraofdagon's ghost
  8832 | D:11     | Reached skill level 10 in Ice Magic
  8885 | D:11     | Found a sparkling altar of Nemelex Xobeh.
  8907 | D:11     | Noticed inmateoo's ghost (powerful GrMo)
  8952 | D:11     | Found a labyrinth entrance.
  8976 | Lab      | Entered a labyrinth
  9284 | Lab      | Noticed a minotaur
  9291 | Lab      | Killed a minotaur
  9299 | Lab      | Got a polished quarterstaff
  9299 | Lab      | Got a shimmering buckler
  9299 | Lab      | Got a warped robe
  9301 | Lab      | Identified the +3 buckler of Joy {Str+2 Dex+4} (You found it in a labyrinth)
  9309 | Lab      | Identified the cursed -2 robe "Psiqak" {Dex+5} (You found it in a labyrinth)
  9627 | Lab      | Identified the quarterstaff "Arangor" {venom, Dex+4} (You found it in a labyrinth)
 10050 | D:12     | Reached skill level 11 in Ice Magic
 10051 | D:12     | Noticed Erica
 10072 | D:12     | Found a staircase to the Lair.
 10086 | D:12     | Killed from afar by a fire drake

Action                   |  1- 3 |  4- 6 |  7- 9 | 10-12 || total
-------------------------+-------+-------+-------+-------++-------
Melee: Short sword       |    19 |    61 |    69 |    21 ||   170
       Unarmed           |     6 |       |       |       ||     6
 Cast: Freeze            |    47 |   108 |   259 |   215 ||   629
       Ozocubu's Armour  |       |     1 |    11 |    24 ||    36
       Condensation Shie |       |       |     5 |     5 ||    10
       Throw Icicle      |       |       |     1 |   102 ||   103
Invok: Channel Energy    |       |       |    55 |   170 ||   225
Evoke: Wand              |       |       |     5 |     7 ||    12
  Use: Scroll            |       |       |    18 |    14 ||    32
       Potion            |       |       |     6 |    18 ||    24
 Stab: Sleeping          |     1 |       |     1 |     2 ||     4
       Distracted        |       |     1 |       |       ||     1
